AoeStats
← alexrhadoo

Glade

510493370Analyzed
1v1 RM · 3d ago on Oct 1, 2026· 45m 26s· 2 players
Game mode
Random Map
Map size
Tiny (2 player)
Population
200
Speed
Normal
Resources
Standard
Victory
Conquest
Starting age
Dark Age
Ending age
Imperial Age
RankedLock teamsTeams togetherTeam positionsShared explorationLock speedFull tech treeHidden civsTurbo modeCheats
Victory
Defeat
🇬🇧 Britons · United Kingdom
699
+15
🇦🇺 Ethiopians · Australia
669
-15
Woundalmond
11:31 Feudal Age
14:01 Double-Bit Axe
14:16 Horse Collar
22:24 Castle Age
20:19 Loom
24:03 Crossbowman
26:48 Thumb Ring
26:36 Fletching
35:24 Imperial Age
33:52 Bow Saw
33:33 Gold Mining
alexrhadoo
5:59 Loom
8:50 Feudal Age
16:37 Castle Age
15:32 Double-Bit Axe
21:57 Wheelbarrow
23:41 Horse Collar
24:46 Treadmill Crane
26:05 Murder Holes
27:38 Fletching
28:40 Heavy Plow
32:47 Imperial Age
32:04 Ballistics
31:42 Bodkin Arrow
33:35 Fortified Wall
33:41 Forging
33:32 Scale Mail Armor
33:34 Padded Archer Armor
36:52 Arson
37:07 Squires
36:28 Pikeman
37:54 Conscription
39:22 Chemistry
39:46 Arrowslits
40:04 Bracer
42:51 Yeomen
45:22 Elite Longbowman
Connection lost

Rejoining the realm…

Still unreachable

The connection could not be restored.

Session expired

The server has moved on; the page needs a fresh start.